 Dungeon Crawl Stone Soup version 0.26-a0-50-gc4d14cd842 (webtiles) character file.

Game seed: 12516838993870332629

19 vurker the Magician (level 2, 0/20 HPs)
             Began as a Mummy Wizard on June 4, 2020.
             Slain by a hobgoblin (3 damage)
             ... on level 1 of the Dungeon.
             The game lasted 00:00:56 (1186 turns).

vurker the Magician (Mummy Wizard)                  Turns: 1186, Time: 00:00:56

Health: 0/20       AC:  2    Str: 10    XL:     2   Next: 55%
Magic:  3/7        EV: 12    Int: 17    God:
Gold:   71         SH:  0    Dex: 10    Spells: 8/9 levels left

rFire    x . .     SeeInvis .   c - +0 short sword (elec)
rCold    + . .     Gourm    .   (no shield)
rNeg     + + +     Faith    .   a - +0 robe
rPois    ∞         Spirit   .   b - +0 hat
rElec    .         Reflect  .   (no cloak)
rCorr    .         Harm     .   (no gloves)
MR       .....                  (no boots)
Stlth    ++........             (no amulet)
HPRegen  0.06/turn              (no ring)
MPRegen  0.10/turn              (no ring)

@: no status effects
A: no food or potions, fire vulnerability, cold resistance 1, negative energy
resistance 3, torment resistance, unbreathing
a: no special abilities


You were on level 1 of the Dungeon.
You were not hungry.

You visited 1 branch of the dungeon, and saw 2 of its levels.

You collected 71 gold pieces.

Inventory:

Hand Weapons
 c - a +0 short sword of electrocution (weapon)
   (You took it off a kobold on level 1 of the Dungeon)
Armour
 a - a +0 robe (worn)
 b - a +0 hat (worn)
Scrolls
 d - 4 scrolls of identify {unknown}
 e - a scroll of immolation {unknown}


   Skills:
 + Level 0.7 Fighting
 - Level 1.5 Dodging
 - Level 1.5 Stealth
 * Level 4.4 Spellcasting
 * Level 1.4 Conjurations
   Level 0.7 Summonings
   Level 0.7 Translocations


You had 8 spell levels left.
You knew the following spells:

 Your Spells              Type           Power        Failure   Level  Hunger
a - Magic Dart            Conj           #...         9%          1    N/A

Your spell library contained the following spells:

 Spells                   Type           Power        Failure   Level  Hunger
 Blink                    Tloc           N/A          17%         2    N/A
 Call Imp                 Summ           #.......     17%         2    N/A
 Slow                     Hex            #.......     22%         2    N/A
 Conjure Flame            Conj/Fire      #.......     34%         3    N/A
 Mephitic Cloud           Conj/Pois/Air  #.......     36%         3    N/A

Dungeon Overview and Level Annotations

Branches:
Dungeon (2/15)

Altars:


Innate Abilities, Weirdness & Mutations

You do not eat or drink.
Your flesh is vulnerable to fire.
You are immune to poison.
Your flesh is cold resistant. (rC+)
You are immune to negative energy. (rN+++)
You are immune to unholy pain and torment.
You can survive without breathing.


Message History

Done exploring.
Done exploring.
Done exploring.
Done exploring.
There is a stone staircase leading down here.
You climb downwards.
A hobgoblin and a kobold come into view.
The kobold is wielding a +2 short sword of protection.
Found a ration, a short sword and 17 gold pieces.
There is a stone staircase leading up here.
Aim: a kobold, wielding a +2 short sword of protection (asleep)
The magic dart hits the kobold but does no damage.
The kobold shouts!
You hear a shout!
You hear an angry hiss.
You hear a bark!
Aim: a kobold, wielding a +2 short sword of protection The magic dart hits the kobold.
Aim: a kobold, wielding a +2 short sword of protection (heavily wounded)
The magic dart hits the kobold but does no damage.
A kobold comes into view. It is wielding a +0 club.
Aim: a kobold, wielding a +2 short sword of protection (heavily wounded)
The magic dart hits the kobold but does no damage.
A jackal comes into view.
You hit the kobold but do no damage.
The kobold hits you with a +2 short sword of protection.
The hobgoblin hits you.
A rat comes into view.
The kobold closely misses you.
You hit the kobold but do no damage. The hobgoblin hits you.
The kobold closely misses you.
You hit the kobold.
The jackal stops to sniff the ground.
The hobgoblin closely misses you. The kobold closely misses you.
The hobgoblin closely misses you. The kobold closely misses you.
You climb upwards.
There is a stone staircase leading down here.
You hit the kobold but do no damage. The hobgoblin closely misses you.
The kobold hits you with a +2 short sword of protection.
* * * LOW HITPOINT WARNING * * *
Aim: a hobgoblin The magic dart hits the hobgoblin but does no damage.
The hobgoblin barely misses you.
You closely miss the hobgoblin. The hobgoblin hits you.
* * * LOW HITPOINT WARNING * * *
You hit the hobgoblin but do no damage. The hobgoblin closely misses you.
The hobgoblin hits you.
* * * LOW HITPOINT WARNING * * *
You closely miss the hobgoblin. The hobgoblin hits you.
* * * LOW HITPOINT WARNING * * *
You closely miss the hobgoblin. The hobgoblin misses you.
You hit the hobgoblin. The hobgoblin hits you.
You die...

...#.........# #.........#
...#.........# #......####
...#.##.##.#.# #...####
#.##.##.##.#.### #...########
#.##.......#...# #..........#
#.#.....######.# #..#######.#
#...>....#####.# #..# #.#
#....).......#.####..# #.#
#........##.....@gK..#######.#
######..###..######.###......####
######.......# #.# #.###.....)
.....#######.# #.# #.# #[.####
.....# #.######.###)###.....†
....#### #................#####
.......# ########.####..###
######.# #....#..# # ##..#
####.#..#


You could see a hobgoblin and a kobold.

Vanquished Creatures
  A dart slug (D:1)
  3 bats (D:1)
  A goblin (D:1)
  4 hobgoblins (D:1)
  A frilled lizard (D:1)
  4 kobolds (D:1)
  4 rats (D:1)
18 creatures vanquished.

Notes
Turn   | Place    | Note
-------+----------+-------------------------------------------
     0 | D:1      | vurker the Mummy Wizard began the quest for the Orb.
     0 | D:1      | Reached XP level 1. HP: 13/13 MP: 5/5
   177 | D:1      | Reached skill level 1 in Conjurations
   359 | D:1      | Reached XP level 2. HP: 20/20 MP: 5/7
  1186 | D:1      | Slain by a hobgoblin

Illustrated notes

Levels and vault maps discovered:
D:1:      evilmike_arrival_hilbert_curve, layout_loops_ring,
          minmay_misc_feat_rugged
D:2:      layout_rooms, grunt_temple_overflow_open, first_ration,
          minmay_small_reverse_x

Skill      XL: |  1 |
---------------+----+-----
Conjurations   | 1 |  1.4
Fighting       | |  0.7
Dodging        | |  1.5
Stealth        | |  1.5
Spellcasting   | |  4.4
Summonings     | |  0.7
Translocations | |  0.7

Action                   || total
-------------------------++-------
Melee: Short sword       ||    19
 Cast: Magic Dart        ||    40
Armor: Robe              ||     1
Dodge: Dodged            ||    16

Table legend:
 A = Non-vault XP
 B = Vault XP
 C = Vault XP percentage of total XP
 D = Non-vault monster count
 E = Vault monster count
 F = Vault count percentage of total count
                 A         B        C        D         E       F
            +---------+---------+-------+---------+---------+-------
      Total |      28 |       0 |   0.0 |      18 |       0 |   0.0
            +---------+---------+-------+---------+---------+-------
        D:1 |      28 |       0 |   0.0 |      18 |       0 |   0.0
            +---------+---------+-------+---------+---------+-------
